 Dungeon Crawl Stone Soup version 0.31-a0-879-g1609e0ac53 (webtiles) character file.

Game seed: 8144939894491547935

1 Armakuni the Gusty (level 1, 0/15 HPs)
             Began as a Human Wanderer on Oct 14, 2023.
             Slain by a quokka (4 damage)
             ... on level 1 of the Dungeon.
             The game lasted 00:01:10 (161 turns).

Armakuni the Gusty (Human Wanderer)                  Turns: 161, Time: 00:01:11

Health: 0/15       AC:  3    Str: 12    XL:     1   Next: 22%
Magic:  2/2        EV: 11    Int: 14    God:
Gold:   18         SH:  0    Dex: 10    Spells: 1/2 levels left

rFire   . . .        a - +0 mace
rCold   . . .        (no shield)
rNeg    . . .        d - +0 robe
rPois   .            (no helmet)
rElec   .            (no cloak)
rCorr   .            b - +0 pair of gloves
SInv    .            (no boots)
Will    .....        (no amulet)
Stlth   ++           (no ring)
HPRegen 0.22/turn    (no ring)
MPRegen 0.08/turn

%: no passive effects
@: no status effects
A: no striking features
a: no special abilities


You were on level 1 of the Dungeon.
You visited 1 branch of the dungeon, and saw 3 of its levels.

You collected 18 gold pieces.

Inventory:

Hand Weapons
 a - a +0 mace (weapon)
Armour
 b - a +0 pair of gloves (worn)
 d - a +0 robe (worn)
Scrolls
 e - a scroll of amnesia {unknown}


   Skills:
 + Level 1.2 Fighting
 - Level 1.0 Maces & Flails
 - Level 1.0 Armour
 - Level 2.0 Stealth
 - Level 1.0 Spellcasting
 - Level 3.0 Air Magic
 - Level 1.0 Evocations


You had one spell level left.
You knew the following spells:

 Your Spells              Type           Power      Damage    Failure   Level
a - Shock                 Conj/Air       16%        1d4       14%         1

Your spell library contained the following spells:

 Spells                   Type           Power      Damage    Failure   Level
 Cigotuvi's Dreadful Rot  Necr/Pois/Air  6%         N/A       26%         2
 Summon Lightning Spire   Summ/Air       4%         N/A       80%         4


Dungeon Overview and Level Annotations

Branches:
Dungeon (3/15)

Altars:


Message History

The hobgoblin attacks as it pursues you!
The hobgoblin barely misses you.
The goblin shouts!
There is a stone staircase leading down here.
Things that are here:
a +0 dagger; a goblin corpse
There is an escape hatch in the ceiling here.
A mysterious force pulls you upwards. The hatch slams shut behind you.
The quokka closely misses you.
Found 11 gold pieces.
Found a stone staircase leading down.
You see here a scroll labelled ULOOPR TOBLAT.
You closely miss the quokka. Your punch misses the quokka.
The quokka bites you but does no damage.
You barely miss the quokka.
The quokka twitches its whiskers.
The quokka bites you. The quokka barely misses you.
You hit the quokka.
The quokka is lightly wounded.
The quokka bites you but does no damage.
You barely miss the quokka.
The quokka is lightly wounded.
The quokka bites you.
* * * LOW HITPOINT WARNING * * *
The quokka bites you.
* * * LOW HITPOINT WARNING * * *
You hit the quokka but do no damage.
The quokka bites you but does no damage.
The quokka barely misses you.
You aren't carrying any items that you can evoke.
You aren't carrying any potions.
Unknown command.
Blink to where?
Press: ? - help, Dir - move target
As you read the scroll of blinking, it crumbles to dust.
You climb downwards.
There is a stone staircase leading up here.
You start resting.
An adder is nearby!
You climb upwards.
The quokka bites you.
You die...

...## #...# .
#...# #.###...#
#.......#
......#
#####...#######
#...#..@.......
#.?.#.r##.###.
#...#.$....
#####......
.......
.##.##### ## #.
..


You could see a quokka.

Vanquished Creatures
  A goblin (D:2)
1 creature vanquished.

Notes
Turn   | Place    | Note
-------+----------+-------------------------------------------
     0 | D:1      | Armakuni the Human Wanderer began the quest for the Orb.
     0 | D:1      | Armakuni set off with the following items: a +0 mace, a +0
                  | pair of gloves, a scroll of blinking, a +0 robe; and the
                  | following spell memorised: Shock; and the following spells
                  | available to memorise: Cigotuvi's Dreadful Rot, Summon
                  | Lightning Spire.
     0 | D:1      | Reached XP level 1. HP: 15/15 MP: 2/2
     7 | D:1      | You fall into a shaft and drop 1 floor!
    98 | D:3      | Noticed a hound
   161 | D:1      | Slain by a quokka

Illustrated notes

Levels and vault maps discovered:
D:1:      elethiomel_arrival_diamonds, layout_loops_ring, minmay_distorted
D:2:      layout_basic, minmay_fountain_box
D:3:      layout_loops_cross, xom_redecorated, mainiacjoe_overflow_boulevard,
          uniq_jessica

Action                     || total
---------------------------++-------
  Melee: Mace              ||    13
   Cast: Shock             ||     1
    Use: Scroll            ||     1
         Potion            ||     1
 Armour: Robe              ||    27
  Dodge: Dodged            ||    19

Table legend: (Time is in decaauts)
 A = Elapsed time spent in this place.
 B = Non-inter-level travel time spent in this place.
 C = Inter-level travel time spent in this place.
 D = Time resting spent in this place.
 E = Time spent auto-exploring this place.
 F = Levels seen in this place.
 G = Mean time per level.
                   A        B        C        D        E       F      G
               +--------+--------+--------+--------+--------+-----+--------+
         Total |    164 |    164 |      0 |      5 |      6 |   3 |   54.7 |
       Dungeon |    164 |    164 |      0 |      5 |      6 |   3 |   54.7 |
               +--------+--------+--------+--------+--------+-----+--------+

Top non-repeatable levels by time:
     D:2: 146 daAuts
     D:1: 16 daAuts
     D:3: 1 daAuts
